 Dungeon Crawl Stone Soup version 0.26.1-11-gd32895ea62 (webtiles) character file.

Game seed: 14066599942721465177

2808 jlumianski the Magician (level 9, -2/63 HPs)
             Began as a Gnoll Warper on Apr 30, 2021.
             Was an Initiate of Sif Muna.
             Killed from afar by an electric eel (12 damage)
             ... with a bolt of electricity
             ... on level 7 of the Dungeon.
             The game lasted 00:53:29 (9645 turns).

jlumianski the Magician (Gnoll Warper)              Turns: 9645, Time: 00:53:29

Health: -2/63      AC: 13    Str: 15    XL:     9   Next: 72%
Magic:  19/19      EV: 15    Int: 16    God:    Sif Muna [......]
Gold:   647        SH:  0    Dex: 16    Spells: 12/21 levels left

rFire    . . .     SeeInvis .   N - +7 broad axe (vorpal)
rCold    . . .     Faith    .   (no shield)
rNeg     + . .     Spirit   .   n - +4 ring mail {rN+}
rPois    +         Reflect  .   (no helmet)
rElec    .         Harm     .   u - scarf {repulsion}
rCorr    .         Rampage  .   q - +2 pair of gloves
Will     .....                  (no boots)
Stlth    +++.......             (no amulet)
HPRegen  0.20/turn              z - ring of flight
MPRegen  0.16/turn              (no ring)

@: repel missiles
A: distributed training, fangs 1, thin skeletal structure 1, dopey 1, frail 1,
poison resistance, strong nose
a: Renounce Religion, Evoke Flight


You were on level 7 of the Dungeon.
You worshipped Sif Muna.
Sif Muna was noncommittal.
You visited 2 branches of the dungeon, and saw 9 of its levels.
You also visited: Ossuary.

You collected 794 gold pieces.
You spent 147 gold pieces at shops.

Inventory:

Hand Weapons
 c - a +2 short sword of electrocution
 k - a +2 whip of pain
 p - a +1 dagger of holy wrath
 w - a +0 vorpal long sword
 L - a +0 battleaxe
 M - a +2 glaive of flaming
 N - a +7 vorpal broad axe (weapon)
Missiles
 e - 5 boomerangs of dispersal
 h - 147 stones
 j - 6 curare-tipped darts (quivered)
 J - 21 poisoned darts
 P - 4 boomerangs
 Q - 8 atropa-tipped darts
Armour
 a - a +0 tower shield
 b - a +0 leather armour
 l - a +0 cloak
 n - a +4 ring mail of positive energy (worn)
 q - a +2 pair of gloves (worn)
 u - a scarf of repulsion (worn)
 K - a scarf of shadows
Magical Staves
 g - a cursed staff of earth
Jewellery
 z - a ring of flight (left hand)
Wands
 s - a wand of iceblast (9)
Scrolls
 d - a scroll of blinking
 f - a scroll of amnesia
 i - 2 scrolls of enchant armour {unknown}
 r - 5 scrolls of identify
 y - a scroll of silence {unknown}
 F - a scroll of noise {unknown}
 I - a scroll of fear
 O - 2 scrolls of remove curse
Potions
 m - 2 potions of haste
 o - a potion of flight
 t - a potion of brilliance {unknown}
 v - a potion of lignification
 x - 3 potions of mutation
 A - 2 potions of resistance {unknown}
 B - 3 potions of curing
 C - 6 potions of heal wounds
 D - 2 potions of might
 E - a potion of cancellation {unknown}
 G - 2 potions of attraction
 H - 2 potions of invisibility {unknown}


   Skills:
 + Level 6.5 Fighting
 + Level 4.5 Short Blades
 + Level 4.5 Long Blades
 + Level 6.5 Axes
 + Level 4.5 Maces & Flails
 + Level 4.5 Polearms
 + Level 4.5 Staves
 + Level 4.5 Slings
 + Level 4.5 Bows
 + Level 4.5 Crossbows
 + Level 5.2 Throwing
 + Level 5.2 Armour
 + Level 6.5 Dodging
 + Level 4.5 Stealth
 + Level 4.5 Shields
 + Level 4.5 Unarmed Combat
 + Level 6.8 Spellcasting
 + Level 3.7 Conjurations
 + Level 3.7 Hexes
 + Level 3.7 Summonings
 + Level 3.7 Necromancy
 + Level 6.7 Translocations
 + Level 3.7 Transmutations
 + Level 3.7 Fire Magic
 + Level 3.7 Ice Magic
 + Level 3.7 Air Magic
 + Level 3.7 Earth Magic
 + Level 3.7 Poison Magic
 + Level 5.0 Invocations
 + Level 4.5 Evocations


You had 12 spell levels left.
You knew the following spells:

 Your Spells              Type           Power        Failure   Level
a - Blink                 Tloc           N/A          2%          2
b - Gell's Gravitas       Tloc           13%          4%          3
c - Teleport Other        Tloc           26%          4%          3
d - Summon Small Mammal   Summ           68%          4%          1

Your spell library contained the following spells:

 Spells                   Type           Power        Failure   Level
 Apportation              Tloc           52%          1%          1
 Animate Skeleton         Necr           34%          4%          1
 Corona                   Hex            18%          4%          1
 Lesser Beckoning         Tloc           13%          4%          3
 Passage of Golubria      Tloc           N/A          14%         4


Dungeon Overview and Level Annotations

Branches:
Dungeon (8/15)             Temple (1/1) D:7         Ossuary (visited)
   Lair: D:8-11

Altars:
Cheibriados
Dithmenos
Elyvilon
Fedhas
Gozag
Kikubaaqudgha
Qazlal
Ru
Sif Muna
Vehumet
Wu Jian
Zin

Shops:
D:6 (


Innate Abilities, Weirdness & Mutations

Your experience applies equally to all skills.
You have very sharp teeth.
Your uncanny sense of smell can sniff out nearby items.
You have a somewhat thin skeletal structure. (Dex +2, Stealth)
You are dopey. (Int -2)
You are frail. (-10% HP)
Your system is resistant to poisons. (rPois)


Message History

The electric eel shoots out a bolt of lightning at you!
The bolt of electricity hits the plant!
The bolt of electricity hits you.
A nearby plant withers and dies.
The electric eel shoots out a bolt of lightning at you!
The bolt of electricity is repelled.
The electric eel shoots out a bolt of lightning at you!
The bolt of electricity hits you.
The electric eel shoots out a bolt of lightning at you!
The bolt of electricity hits you!
* * * LOW HITPOINT WARNING * * *
The bolt of electricity is repelled.
A nearby plant withers and dies.
The electric eel shoots out a bolt of lightning at you!
The bolt of electricity hits you!
* * * LOW HITPOINT WARNING * * *
The electric eel shoots out a bolt of lightning at you!
The bolt of electricity misses you.
The electric eel shoots out a bolt of lightning at you!
The bolt of electricity hits you!
You die...

..## #P♣P≈≈≈≈≈≈≈≈≈≈≈≈≈≈
..###########≈♣≈≈♣P≈≈≈≈≈≈≈≈≈≈
..#♣..........♣♣≈PPP≈≈;;≈≈≈≈≈
.#...♣≈.≈P....#♣≈♣≈≈≈≈≈≈≈;≈≈≈
....♣≈♣≈≈♣.P..# #♣♣♣≈♣≈≈≈P♣≈≈
P..≈≈≈≈≈.≈....# #♣≈≈♣≈P♣≈♣
P.♣≈≈≈≈♣....♣## ##.###♣♣P≈♣
...≈≈♣♣♣..P.#####.## ###
....≈♣...P...##.@##
##...P..P#......##
########.###..## #. #...#
#.#.#### ####


You could see 2 electric eels.

Vanquished Creatures
  Pikel (D:6)
  Maggie (D:6)
  Grinder (D:6)
  2 ice beasts (D:5)
  A sky beast (D:7)
  A phantom (D:5)
  2 ogres
  A bullfrog (D:6)
  4 scorpions
  5 killer bees (D:7)
  A centaur zombie (D:7)
  A bullfrog zombie (D:5)
  2 jellies
  4 orc priests
  A gnoll shaman (D:5)
  2 orc wizards
  Jessica (D:2)
  A worker ant (D:7)
  A hound zombie (D:7)
  9 mummies
  A worker ant zombie (D:5)
  6 adders
  9 gnolls (D:6)
  2 white imps (D:5)
  4 oozes
  3 adder skeletons
  3 worms
  3 dart slugs
  4 leopard geckos
  23 orcs
  10 giant cockroaches
  2 gnoll zombies (Ossuary)
  11 goblins
  5 hobgoblins
  10 jackals
  A quokka (D:5)
  7 bats
  7 frilled lizards
  2 hobgoblin zombies (Ossuary)
  7 kobolds
  5 kobold zombies
  A leopard gecko skeleton (D:6)
  A leopard gecko zombie (D:7)
  An orc zombie (Ossuary)
  10 rats
180 creatures vanquished.

Vanquished Creatures (others)
  5 plants (D:7)
5 creatures vanquished.

Grand Total: 185 creatures vanquished

Notes
Turn   | Place    | Note
-------+----------+-------------------------------------------
     0 | D:1      | jlumianski the Gnoll Warper began the quest for the Orb.
     0 | D:1      | Reached XP level 1. HP: 20/20 MP: 6/6
   172 | D:1      | Reached XP level 2. HP: 19/26 MP: 7/7
   828 | D:1      | Reached XP level 3. HP: 31/31 MP: 9/9
   831 | D:1      | Learned a level 2 spell: Blink
   835 | D:1      | Learned a level 3 spell: Gell's Gravitas
   839 | D:1      | Learned a level 3 spell: Teleport Other
  1016 | D:1      | Reached skill level 5 in Spellcasting
  1433 | D:2      | Noticed Jessica
  1436 | D:2      | Killed Jessica
  1437 | D:2      | Reached skill level 1 in Short Blades
  1437 | D:2      | Reached skill level 1 in Long Blades
  1437 | D:2      | Reached skill level 1 in Maces & Flails
  1437 | D:2      | Reached skill level 1 in Polearms
  1437 | D:2      | Reached skill level 1 in Staves
  1437 | D:2      | Reached skill level 1 in Slings
  1437 | D:2      | Reached skill level 1 in Bows
  1437 | D:2      | Reached skill level 1 in Crossbows
  1437 | D:2      | Reached skill level 1 in Stealth
  1437 | D:2      | Reached skill level 1 in Shields
  1437 | D:2      | Reached skill level 1 in Unarmed Combat
  1437 | D:2      | Reached skill level 1 in Invocations
  1437 | D:2      | Reached skill level 1 in Evocations
  1532 | D:2      | Reached XP level 4. HP: 38/38 MP: 11/11
  2091 | D:2      | Reached skill level 1 in Conjurations
  2091 | D:2      | Reached skill level 1 in Hexes
  2091 | D:2      | Reached skill level 1 in Summonings
  2091 | D:2      | Reached skill level 1 in Necromancy
  2091 | D:2      | Reached skill level 1 in Transmutations
  2091 | D:2      | Reached skill level 1 in Fire Magic
  2091 | D:2      | Reached skill level 1 in Ice Magic
  2091 | D:2      | Reached skill level 1 in Air Magic
  2091 | D:2      | Reached skill level 1 in Earth Magic
  2091 | D:2      | Reached skill level 1 in Poison Magic
  2728 | D:3      | Found a glowing silver altar of Zin.
  2728 | D:3      | Found an ancient bone altar of Kikubaaqudgha.
  2729 | D:3      | Found a radiant altar of Vehumet.
  2826 | D:3      | Learned a level 1 spell: Summon Small Mammal
  2880 | D:3      | Found a faded altar of an unknown god.
  3044 | D:3      | Reached XP level 5. HP: 43/43 MP: 10/12
  4393 | D:4      | HP: 1/43 [orc wizard/magic dart (7)]
  4834 | D:4      | Reached XP level 6. HP: 45/50 MP: 13/13
  5197 | D:5      | Entered Level 5 of the Dungeon
  5274 | D:5      | Noticed an ice beast
  5307 | D:5      | Killed an ice beast
  5308 | D:5      | Reached skill level 5 in Fighting
  5308 | D:5      | Reached skill level 5 in Axes
  5308 | D:5      | Reached skill level 5 in Dodging
  5403 | D:5      | Found a sand-covered staircase.
  5455 | Ossuary  | Entered an ossuary
  5717 | Ossuary  | Reached XP level 7. HP: 45/56 MP: 15/15
  6588 | D:6      | Noticed Maggie
  7097 | D:5      | Reached XP level 8. HP: 63/63 MP: 16/16
  7589 | D:6      | Killed Maggie
  7955 | D:6      | Found Tuceat's Antique Weapon Boutique.
  8044 | D:6      | Bought a glowing broad axe for 147 gold pieces
  8056 | D:6      | Noticed Pikel
  8064 | D:6      | Killed Pikel
  8065 | D:6      | Reached XP level 9. HP: 58/69 MP: 18/18
  8526 | D:6      | Noticed Grinder
  8526 | D:6      | Paralysed by Grinder for 6 turns
  8538 | D:6      | Killed Grinder
  8539 | D:6      | Reached skill level 5 in Throwing
  8539 | D:6      | Reached skill level 5 in Armour
  8583 | D:6      | Gained mutation: You are dopey. (Int -2) [potion of
                  | mutation]
  8583 | D:6      | Gained mutation: You are frail. (-10% HP) [potion of
                  | mutation]
  8583 | D:6      | Gained mutation: You have a somewhat thin skeletal
                  | structure. (Dex +2, Stealth) [potion of mutation]
  8583 | D:6      | Gained mutation: Your system is resistant to poisons.
                  | (rPois) [potion of mutation]
  8888 | D:7      | Found a staircase to the Ecumenical Temple.
  8902 | Temple   | Entered the Ecumenical Temple
  8930 | Temple   | Became a worshipper of Sif Muna the Loreminder
  9136 | D:7      | Found a white marble altar of Elyvilon.
  9491 | D:6      | Reached skill level 5 in Invocations
  9645 | D:7      | Killed from afar by an electric eel

Illustrated notes

Levels and vault maps discovered:
D:1:      dpeg_arrival_houses_and_road, layout_basic
D:2:      layout_loops_corners, uniq_jessica
D:3:      layout_loops_corners, chequers_temple_overflow_statue_of_worship,
          chequers_ecumenical_altar_grove
D:4:      layout_basic
D:5:      layout_basic, nicolae_ossuary_entry_giza
D:6:      layout_rooms, serial_shops, shop_coins, minmay_misc_feat_tiny,
          wad_floor_pattern_1, minmay_misc_feat_secret_circle,
          hangedman_decor_push, sigmund_army, uniq_grinder, uniq_maggie,
          uniq_pikel
D:7:      layout_layer_cave, nicolae_overflow_crystal_walls,
          minmay_temple_entry_glass, serial_bayou, serial_bayou_lake_a,
          serial_bayou_pond_e, serial_bayou_pond_a, serial_bayou_lagoon_b,
          minmay_circle_x
D:8:      layout_rooms, serial_shops, kennysheep_little_box, uniq_maurice
Temple:   regret_index_temple_mists

Skill      XL: |  1  2  3  4  5  6  7  8  9 |
---------------+----------------------------+-----
Spellcasting   | 5 6 |  6.8
Short Blades   | 1 2 3 4 |  4.5
Long Blades    | 1 2 3 4 |  4.5
Maces & Flails | 1 2 3 4 |  4.5
Polearms       | 1 2 3 4 |  4.5
Staves         | 1 2 3 4 |  4.5
Slings         | 1 2 3 4 |  4.5
Bows           | 1 2 3 4 |  4.5
Crossbows      | 1 2 3 4 |  4.5
Stealth        | 1 2 3 4 |  4.5
Shields        | 1 2 3 4 |  4.5
Unarmed Combat | 1 2 3 4 |  4.5
Invocations    | 1 2 3 4 5 |  5.0
Evocations     | 1 2 3 4 |  4.5
Conjurations   | 1 2 3 |  3.7
Hexes          | 1 2 3 |  3.7
Summonings     | 1 2 3 |  3.7
Necromancy     | 1 2 3 |  3.7
Transmutations | 1 2 3 |  3.7
Fire Magic     | 1 2 3 |  3.7
Ice Magic      | 1 2 3 |  3.7
Air Magic      | 1 2 3 |  3.7
Earth Magic    | 1 2 3 |  3.7
Poison Magic   | 1 2 3 |  3.7
Throwing       | 3 4 5 |  5.2
Armour         | 3 4 5 |  5.2
Fighting       | 5 6 |  6.5
Axes           | 5 6 |  6.5
Dodging        | 5 6 |  6.5
Translocations | 6 |  6.7

Action                   |  1- 3 |  4- 6 |  7- 9 || total
-------------------------+-------+-------+-------++-------
Melee: Hand axe          |    65 |    99 |       ||   164
       Bite              |     4 |    21 |    15 ||    40
       Punch             |     1 |     2 |     4 ||     7
       Short sword       |       |   133 |   146 ||   279
       Broad axe         |       |       |    78 ||    78
Throw: Dart              |     1 |     2 |     7 ||    10
 Cast: Gell's Gravitas   |       |    16 |     9 ||    25
       Summon Small Mamm |       |     4 |     2 ||     6
       Blink             |       |     3 |     5 ||     8
  Use: Scroll            |     1 |    10 |     5 ||    16
       Potion            |       |     2 |     7 ||     9
 Stab: Sleeping          |     3 |     2 |     4 ||     9
Armor: Leather armour    |    15 |    67 |       ||    82
       Ring mail         |       |       |    75 ||    75
Dodge: Dodged            |    58 |   141 |   170 ||   369
       Repelled          |       |       |     2 ||     2
